Map: Blackpink LE

Players

ShoWTimE - Winner!

  • Race: Protoss Protoss
  • Spawn Location: 1:00

Neeb

  • Race: Protoss Protoss
  • Spawn Location: 7:00

Event: WCS Leipzig 2018

VOD

Have the link to the VOD?

Description

Time

  • Played on: Jan. 28, 2018, 5:16 a.m.
  • Length: 11:25

All games in this series

Show
View Real Time Build Order
Export as new Build Order

ShoWTimE Protoss - Winner!

Build Orders: Phoenix Opening, Mass Phoenix 

Get SALT Encoding   

  12  0:00  Probe  
  13  0:12  Probe  
  14  0:18  Pylon  
  14  0:24  Probe (Chrono Boost)  
  15  0:36  Probe (Chrono Boost)  
  15  0:38  Gateway  
  16  0:45  Probe (Chrono Boost)  
  16  0:46  Assimilator  
  17  0:51  Probe (Chrono Boost)  
  17  0:54  Assimilator  
  18  1:03  Probe (Chrono Boost)  
  19  1:08  Gateway  
  20  1:11  Probe (Chrono Boost)  
  20  1:17  Probe  
  20  1:25  Cybernetics Core  
  21  1:29  Probe  
  22  1:35  Pylon  
  22  1:41  Probe  
  23  1:54  Probe  
  24  2:02  Stalker, Sentry  
  24  2:03  Warp Gate  
  28  2:13  Pylon  
  28  2:26  Pylon  
  28  2:35  Stargate  
  28  2:42  Nexus  
  28  2:48  Stalker  
  30  2:56  Stalker  
  32  3:03  Shield Battery  
  33  3:05  Probe  
  33  3:14  Phoenix (Chrono Boost)  
  33  3:17  Phoenix (Chrono Boost)  
  35  3:20  Probe  
  36  3:32  Pylon  
  36  3:34  Phoenix  
  36  3:38  Probe  
  39  3:51  Probe  
  39  3:55  Probe  
  41  3:59  Phoenix (Chrono Boost)  
  43  4:03  Probe  
  43  4:07  Probe  
  45  4:15  Phoenix (Chrono Boost)  
  45  4:16  Probe  
  48  4:19  Probe  
  48  4:21  Assimilator  
  49  4:28  Probe  
  50  4:31  Probe  
  50  4:33  Phoenix (Chrono Boost)  
  53  4:40  Probe  
  53  4:41  Assimilator  
  53  4:44  Probe  
  55  4:49  Stargate  
  55  4:50  Pylon  
  56  4:54  Probe (Chrono Boost)  
  56  4:56  Probe (Chrono Boost)  
  57  5:00  Phoenix (Chrono Boost)  
  61  5:07  Probe (Chrono Boost)  
  61  5:09  Probe (Chrono Boost)  
  61  5:11  Probe (Chrono Boost)  
  62  5:16  Probe  
  62  5:17  Probe  
  62  5:18  Pylon  
  63  5:22  Phoenix (Chrono Boost)  
  63  5:24  Phoenix (Chrono Boost)  
  63  5:25  Probe  
  67  5:28  Probe  
  67  5:34  Phoenix  
  70  5:36  Probe  
  73  5:44  Pylon  
  73  5:51  Robotics Facility  
  73  5:53  Probe  
  73  5:56  Probe  
  75  5:59  Phoenix (Chrono Boost)  
  78  6:12  Phoenix (Chrono Boost)  
  67  6:18  Stalker  
  67  6:20  Pylon  
  67  6:22  Phoenix (Chrono Boost)  
  71  6:26  Stalker  
  71  6:31  Phoenix (Chrono Boost)  
  71  6:32  Nexus  
  75  6:39  Phoenix  
  72  6:51  Stalker  
  72  6:52  Phoenix  
  69  6:55  Stalker  
  67  7:04  Phoenix  
  63  7:14  Stalker  
  63  7:17  Probe x2, Phoenix  
  67  7:23  Stalker  
  67  7:29  Probe  
  70  7:31  Observer  
  69  7:39  Stalker  
  69  7:41  Probe x2  
  74  7:44  Probe  
  74  7:49  Immortal (Chrono Boost)  
  74  7:53  Probe  
  74  7:54  Stalker  
  79  8:01  Gateway  
  79  8:05  Stalker  
  81  8:11  Probe x2  
  83  8:13  Probe  
  83  8:18  Sentry, Immortal (Chrono Boost)  
  90  8:21  Shield Battery  
  90  8:26  Forge  
  90  8:29  Gateway  
  90  8:32  Probe x2  
  90  8:33  Probe  
  93  8:41  Twilight Council  
  93  8:46  Probe  
  98  8:48  Immortal (Chrono Boost)  
  98  8:54  Sentry  
  100  9:01  Gateway  
  100  9:02  Gateway  
  100  9:05  Protoss Ground Weapons Level 1  
  100  9:08  Gateway, Pylon  
  100  9:11  Gateway  
  100  9:13  Charge (Chrono Boost)  
  100  9:17  Immortal (Chrono Boost)  
  104  9:26  Gateway  
  104  9:34  Templar Archives  
  104  9:35  Zealot x2  
  104  9:36  Zealot  
  110  9:41  Sentry  
  112  9:46  Immortal (Chrono Boost)  
  112  9:49  Pylon  
  116  9:59  Zealot  
  114  10:00  Zealot  
  110  10:07  Zealot  
  110  10:08  Zealot x3  
  110  10:13  Photon Cannon  
  110  10:14  Photon Cannon  
  116  10:17  High Templar x2  
  116  10:21  Archon  
  120  10:23  Zealot x2  
  124  10:29  Pylon  
  124  10:31  Pylon  
  117  10:48  Zealot  
  117  10:49  Zealot x3  
Show
View Real Time Build Order
Export as new Build Order

Neeb Protoss 

Build Orders: Phoenix Opening, Mass Phoenix 

Get SALT Encoding   

  12  0:00  Probe  
  13  0:12  Probe  
  14  0:20  Pylon  
  14  0:25  Probe  
  15  0:38  Probe (Chrono Boost)  
  15  0:40  Gateway  
  16  0:47  Probe (Chrono Boost), Assimilator  
  17  0:52  Probe  
  17  0:55  Assimilator  
  19  1:04  Probe  
  19  1:07  Gateway  
  19  1:16  Probe  
  20  1:27  Cybernetics Core  
  20  1:28  Probe  
  21  1:33  Pylon  
  21  1:40  Probe  
  22  1:52  Probe  
  23  2:01  Warp Gate (Chrono Boost)  
  23  2:04  Probe, Stalker x2  
  28  2:16  Probe  
  29  2:22  Pylon  
  29  2:33  Stargate  
  29  2:45  Nexus  
  29  2:47  Probe  
  30  3:00  Probe  
  31  3:12  Probe  
  32  3:15  Phoenix (Chrono Boost)  
  34  3:22  Shield Battery  
  34  3:24  Probe  
  35  3:31  Phoenix (Chrono Boost)  
  37  3:36  Probe  
  37  3:41  Pylon  
  38  3:48  Probe  
  39  3:56  Phoenix (Chrono Boost)  
  39  3:57  Probe  
  39  4:00  Probe  
  39  4:01  Robotics Facility  
  43  4:09  Probe  
  43  4:12  Probe  
  43  4:15  Phoenix (Chrono Boost)  
  46  4:21  Probe  
  47  4:24  Probe  
  48  4:33  Probe  
  48  4:35  Phoenix (Chrono Boost)  
  48  4:36  Probe  
  48  4:38  Assimilator  
  52  4:39  Assimilator  
  53  4:45  Probe  
  53  4:49  Observer  
  53  4:50  Probe  
  53  4:51  Phoenix (Chrono Boost)  
  55  4:55  Pylon  
  55  4:57  Probe  
  58  5:04  Gateway  
  58  5:07  Gateway  
  58  5:08  Gateway  
  58  5:15  Gateway  
  58  5:16  Phoenix (Chrono Boost)  
  60  5:22  Warp Prism  
  62  5:28  Pylon  
  62  5:32  Phoenix (Chrono Boost)  
  64  5:36  Stalker  
  64  5:39  Stalker  
  68  5:50  Phoenix  
  70  6:06  Pylon  
  70  6:07  Pylon  
  62  6:23  Stalker x4  
  62  6:25  Stalker x2  
  74  6:27  Phoenix (Chrono Boost)  
  74  6:29  Pylon  
  68  6:49  Stalker x4  
  70  6:59  Stalker x2  
  58  7:12  Probe x2  
  54  7:21  Stalker x4  
  62  7:26  Stalker  
  64  7:34  Stalker  
  66  7:41  Twilight Council  
  66  7:43  Probe x2  
  68  7:47  Nexus  
  68  7:55  Stalker x2  
  72  8:00  Pylon  
  71  8:13  Pylon  
  71  8:14  Stalker x3, Blink (Chrono Boost)  
  79  8:32  Gateway  
  79  8:33  Stalker  
  79  8:34  Gateway, Sentry  
  81  8:43  Stalker x2  
  85  9:08  Pylon  
  85  9:11  Stalker x5  
  85  9:14  Stalker  
  97  9:41  Adept x4  
  97  9:42  Adept x4  
  95  10:11  Probe  
  95  10:12  Probe x2  
  92  10:16  Sentry x4  
  92  10:17  Adept x4  
  92  10:20  Pylon  
  108  10:23  Probe  
  108  10:24  Probe x2  
  103  10:49  Probe  
Tags
 
Add a new tag
Caveats
  • Supply blocks, unpowered buildings, or Contaminate may cause inaccurate times.
  • Supply counts are checked every 10 seconds.